 Dungeon Crawl Stone Soup version 0.30.0-29-ga12c61a403 (webtiles) character file.

Game seed: 14154507662142292255

380 LustLizard the Ruffian (level 6, 0/43 HPs)
             Began as an Octopode Berserker on June 23, 2023.
             Was a Believer of Trog.
             Slain by Robin
             ... wielding a +0 club
              (2 damage)
             ... on level 4 of the Dungeon.
             The game lasted 00:04:44 (3454 turns).

LustLizard the Ruffian (Octopode Berserker)         Turns: 3454, Time: 00:04:44

Health: 0/43       AC:  1    Str: 18    XL:     6   Next: 75%
Magic:  6/6        EV: 14    Int: 10    God:    Trog [**....]
Gold:   103        SH:  0    Dex: 11    Spells: 5/5 levels left

rFire   . .          .
                       - Unarmed
rCold   . . .        (no shield)
rNeg    . . .        (helmet restricted)
rPois   .            (no amulet)
rElec   .            (no ring)
rCorr   .            (no ring)
SInv    .            (no ring)
Will    ++...        (no ring)
Stlth   +++          (no ring)
HPRegen 1.27/turn    (no ring)
MPRegen 0.10/turn    (no ring)
                     (no ring)

%: no passive effects
@: strong-willed, regenerating
A: almost no armour, amphibious, 8 rings, camouflage 1, gelatinous body 1,
(nimble swimmer 1), tentacles
a: Renounce Religion, Berserk, Trog's Hand


You were on level 4 of the Dungeon.
You worshipped Trog.
Trog was pleased with you.
You visited 1 branch of the dungeon, and saw 4 of its levels.

You collected 234 gold pieces.
You spent 131 gold pieces at shops.

Inventory:

Missiles
 a - 12 poisoned darts (quivered)
 d - 10 javelins
Scrolls
 c - a scroll of poison {unknown}
 e - 2 scrolls of blinking {unknown}
 f - 2 scrolls of brand weapon {unknown}
 h - a scroll of butterflies {unknown}
 k - 2 scrolls of teleportation {unknown}
 m - 5 scrolls of identify {unknown}
 o - a scroll of enchant armour {unknown}
 p - a scroll of magic mapping {unknown}
 q - a scroll of noise {unknown}
Potions
 b - 2 potions of heal wounds {unknown}
 g - 2 potions of flight {unknown}
 i - 4 potions of curing {unknown}
 j - 2 potions of haste
 l - a potion of invisibility {unknown}
 n - a potion of mutation {unknown}


   Skills:
 + Level 3.9 Fighting
 + Level 2.3 Throwing
 + Level 4.0 Dodging
 + Level 3.8 Stealth
 * Level 4.9 Unarmed Combat


You had 5 spell levels left.
You didn't know any spells.
Your spell library was empty.

Dungeon Overview and Level Annotations

Branches:
Dungeon (4/15)
 Temple: D:4-7

Altars:

Shops:
D:1 *   D:3 =

Annotations:
D:4 Robin


Innate Abilities, Weirdness & Mutations

You cannot wear most types of armour.
You are amphibious.
You can wear up to eight rings at the same time.
Your skin changes colour to match your surroundings (Stealth+).
Your rubbery body absorbs attacks. (AC +1, EV +1)
((You are camouflaged when in or above water. (Stealth+)))
You have tentacles for arms and can constrict up to eight enemies at once.


Message History

The goblin hits you with a +0 dagger. The goblin closely misses you.
Unknown command.
You closely miss the goblin. Your grab misses the goblin.
Your squeeze misses the goblin. The goblin barely misses you. x2
The goblin closely misses you.
Unknown command.
You barely miss the goblin. Your grab misses the goblin.
The goblin hits you with a +0 club. x2; The goblin closely misses you.
The goblin hits you with a +0 dagger.
Unknown command.
You miss the goblin. You grab the goblin. You constrict the goblin.
The goblin hits you with a +0 club! The goblin closely misses you.
The goblin barely misses you. x2
You closely miss the goblin. Your grab misses the goblin.
You constrict the goblin.
You kill the goblin!
Trog accepts your kill.
The goblin unwields a +0 club.
The goblin wields a +0 sling.
The goblin shoots a sling bullet.
The sling bullet hits you. The goblin hits you with a +0 club.
The goblin hits you with a +0 dagger. The goblin hits you but does no damage.
Your Dodging skill increases to level 4!
You tentacle-slap Robin. You grab Robin.
Robin is moderately wounded.
You constrict Robin. The goblin barely misses you.
The goblin hits you with a +0 dagger.
* * * LOW HITPOINT WARNING * * *
Robin hits you with a +0 club.
* * * LOW HITPOINT WARNING * * *
The goblin closely misses you.
Okay, then.
Your skin crawls.
You feel strong-willed.
You constrict Robin. The goblin barely misses you.
The goblin hits you with a +0 dagger.
* * * LOW HITPOINT WARNING * * *
The goblin hits you with a +0 dagger.
* * * LOW HITPOINT WARNING * * *
Robin hits you with a +0 club.
You die...

......# #.............
......# #............#
......#####............#
............#..........#
.......................#
...............###.#...#
..........##.#..# ###.##
.............#.### .#
...............g@# #
....#..........gggg.#
....#...........g.....#
....#...............>.#
....#.)...............#
....................###
................#####
................#
......#..


You could see Robin and 5 goblins.

Vanquished Creatures
  Blork the orc (D:4)
  Crazy Yiuf (D:3)
  2 hounds
  2 iguanas
  Natasha (thrice) (D:3)
  An adder (D:3)
  4 gnolls (D:3)
  A worm (D:3)
  5 orcs
  3 bats
  4 endoplasms
  2 giant cockroaches (D:1)
  10 goblins
  6 hobgoblins
  A quokka (D:4)
  5 ball pythons
  2 frilled lizards
  2 kobolds
55 creatures vanquished.

Notes
Turn   | Place    | Note
-------+----------+-------------------------------------------
     0 | D:1      | LustLizard the Octopode Berserker began the quest for the
                  | Orb.
     0 | D:1      | Reached XP level 1. HP: 16/16 MP: 1/1
   111 | D:1      | Found Foige's Assorted Antiques.
   496 | D:1      | Reached XP level 2. HP: 18/21 MP: 2/2
   584 | D:1      | Reached skill level 1 in Stealth
  1136 | D:2      | Reached XP level 3. HP: 26/26 MP: 3/3
  1234 | D:2      | Identified the +2 pair of boots of Duevaro {rCorr Int-5
                  | SInv}
  1567 | D:1      | Bought a scroll labelled DEMPUF ZEUTHRU for 28 gold pieces
  1567 | D:1      | Bought a scroll labelled QUSEKA XOBLID for 28 gold pieces
  1603 | D:3      | Reached skill level 1 in Throwing
  1615 | D:3      | Found Lunke's Jewellery Shoppe.
  1674 | D:3      | Reached ** piety under Trog
  1675 | D:3      | Reached XP level 4. HP: 30/31 MP: 4/4
  1873 | D:3      | Noticed Natasha
  1881 | D:3      | Killed Natasha
  1882 | D:3      | Reached XP level 5. HP: 10/36 MP: 5/5
  2009 | D:3      | Found a faded altar of an unknown god.
  2151 | D:3      | Noticed Natasha
  2201 | D:3      | Killed Natasha
  2305 | D:3      | Found a runed translucent door.
  2306 | D:3      | Noticed Crazy Yiuf
  2313 | D:3      | Killed Crazy Yiuf
  2971 | D:3      | Noticed Natasha
  2976 | D:3      | Killed Natasha
  2977 | D:3      | Reached XP level 6. HP: 35/43 MP: 6/6
  3068 | D:4      | Noticed Blork the orc
  3080 | D:4      | Killed Blork the orc
  3138 | D:1      | Bought a glowing brown potion for 25 gold pieces
  3138 | D:1      | Bought 2 glowing brown potions for 50 gold pieces
  3439 | D:4      | Noticed Robin
  3454 | D:4      | HP: 2/43 [goblin/+0 dagger[Robin] (4)]
  3454 | D:4      | Slain by Robin

Illustrated notes

Levels and vault maps discovered:
D:1:      minmay_arrival_cross, layout_loops_corners, serial_shops,
          nicolae_shop_tiny_waterfront
D:2:      layout_loops_ring
D:3:      layout_loops_ring, hellmonk_ecumenical_altar_heavens_door,
          serial_shops, shop, kennysheep_generic_room_4,
          uniq_crazy_yiuf_cottage, uniq_natasha
D:4:      layout_cave_pools, minmay_ogre_servants, uniq_blork_the_orc,
          uniq_robin

Skill      XL: |  1  2  3  4  5  6 |
---------------+-------------------+-----
Stealth        | 1 2 3 |  3.8
Throwing       | 1 2 |  2.3
Unarmed Combat | 4 |  4.9
Dodging        | 4 |  4.0
Fighting       | |  3.9

Action                     |  1- 3 |  4- 6 || total
---------------------------+-------+-------++-------
  Melee: Unarmed           |    56 |    78 ||   134
         Constrict         |    15 |    21 ||    36
         Tentacles         |     8 |    17 ||    25
         Punch             |     1 |     2 ||     3
 Invoke: Trog's Hand       |       |     1 ||     1
   Stab: Sleeping          |     4 |     6 ||    10
         Distracted        |     1 |     1 ||     2
 Armour: Skin              |    10 |     1 ||    11
  Dodge: Dodged            |    32 |    55 ||    87
